 Dungeon Crawl Stone Soup version 0.29.1-15-g9cfb28693d (webtiles) character file.

Game seed: 7398729141692445442

238 bnorton916 the Digger (level 6, -2/32 HPs)
             Began as a Gargoyle Earth Elementalist on Apr 27, 2023.
             Slain by Ijyb
             ... wielding a +4 dagger of venom
              (6 damage)
             ... on level 3 of the Dungeon.
             The game lasted 00:04:39 (3507 turns).

bnorton916 the Digger (Gargoyle Earth Elementalist) Turns: 3507, Time: 00:04:39

Health: -2/32      AC:  6    Str: 11    XL:     6   Next: 7%
Magic:  1/11       EV: 11    Int: 18    God:
Gold:   116        SH:  0    Dex: 10    Spells: 6/12 levels left

rFire   . . .      SeeInvis .   (no weapon)
rCold   . . .      Faith    .   (no shield)
rNeg    + . .      Spirit   .   a - +0 robe
rPois   ∞          Reflect  .   (no helmet)
rElec   +          Harm     .   (no cloak)
rCorr   .          Rampage  .   (no gloves)
Will    .....                   (no boots)
Stlth   ++........              h - amulet of the acrobat
HPRegen 0.10/turn               (no ring)
MPRegen 0.12/turn               (no ring)

@: flying
A: sickness immunity, AC +4, negative energy resistance 1, electricity
resistance, torment resistance 1, petrification resistance
a: no special abilities


You were on level 3 of the Dungeon.
You visited 1 branch of the dungeon, and saw 3 of its levels.

You collected 116 gold pieces.

Inventory:

Missiles
 c - 4 poisoned darts (quivered)
Armour
 a - a +0 robe (worn)
 k - a +0 buckler
Jewellery
 h - an amulet of the acrobat (around neck)
 n - an amulet of magic regeneration
Scrolls
 d - 2 scrolls of identify
 i - a scroll of enchant armour {unknown}
 m - a scroll of silence
Potions
 b - a potion of magic


   Skills:
 - Level 1.5 Dodging
 - Level 2.1 Stealth
 + Level 3.6 Spellcasting
 + Level 0.1 Conjurations
 - Level 2.7 Transmutations
 + Level 5.3 Earth Magic


You had 6 spell levels left.
You knew the following spells:

 Your Spells              Type           Power      Damage    Failure   Level
a - Sandblast             Erth           44%        2d11      1%          1
b - Passwall              Tmut/Erth      14%        N/A       4%          2
c - Stone Arrow           Conj/Erth      26%        3d8       16%         3

Your spell library contained the following spells:

 Spells                   Type           Power      Damage    Failure   Level
 Petrify                  Tmut/Erth      17%        N/A       28%         4


Dungeon Overview and Level Annotations

Branches:
Dungeon (3/15)

Altars:

Annotations:
D:3 Ijyb


Innate Abilities, Weirdness & Mutations

You are immune to sickness and miasma.
Your stone body is resilient. (AC +4)
You are immune to poison.
You resist negative energy. (rN+)
You are resistant to electric shocks. (rElec)
You are resistant to unholy torment.
You are immune to petrification.


Message History

Press: ? - help, Shift-Dir - straight line, f/p - Ijyb
Aim: Ijyb, wielding a +4 dagger of venom, wearing a +0 ring mail and carrying a wand of charming (1) (severely wounded, 64% to hit)
The stone arrow misses Ijyb.
Ijyb hits you with a +4 dagger of venom.
* * * LOW HITPOINT WARNING * * *
Casting: Stone Arrow (quite dangerous; 16% risk of failure)
Confirm with . or Enter, or press ? or * to list all spells.
You don't know that spell.
Casting: Stone Arrow (quite dangerous; 16% risk of failure)
Confirm with . or Enter, or press ? or * to list all spells.
The spell is quite dangerous to miscast (16% risk of failure)!
Continue anyway?
Aiming: Stone Arrow (quite dangerous; 16% risk of failure)
Press: ? - help, Shift-Dir - straight line, f/p - Ijyb
Aim: Ijyb, wielding a +4 dagger of venom, wearing a +0 ring mail and carrying a wand of charming (1) (severely wounded, 64% to hit)
The stone arrow misses Ijyb.
Ijyb closely misses you.
It was a potion of curing.
You feel better.
Ijyb zaps a wand.
You resist with some effort.
The now-empty wand crumbles to dust.
It was a potion of flight.
You feel very buoyant.
You fly up into the air.
Ijyb screams, "You nasty!
Big nasty!"
Ijyb hits you with a +4 dagger of venom!
* * * LOW HITPOINT WARNING * * *
Ijyb attacks as you move away! Ijyb barely misses you.
Casting: Stone Arrow (quite dangerous; 16% risk of failure)
Confirm with . or Enter, or press ? or * to list all spells.
You don't have enough magic to cast this spell.
As you read the scroll labelled ORIUDOMOGE, it crumbles to dust.
It is a scroll of identify.
m - a scroll of silence Ijyb hits you but does no damage.
As you read the scroll labelled AGEDUI QILY, it crumbles to dust.
It is a scroll of amnesia.
Really abort (and waste the scroll)?
Okay, then.
Ijyb hits you but does no damage.
As you read the scroll labelled EXOASHREWKO, it crumbles to dust.
The scroll dissolves into smoke.
It was a scroll of fog.
Ijyb hits you with a +4 dagger of venom.
You die...

...........#.# #.#
#######.####.# #.#
.............# #.#
#######.###### #.# #.#
#.# # #####.# #.# #.#
#.#.....####.# #.#
#.#.#####....#########.#
#.......).....§g@§§....#
###.##..################
##.##.## #.o...#
##..#### #...# (.#.#
.##.# . #.#


You could see Ijyb.

Vanquished Creatures
  Sigmund (D:3)
  3 gnolls (D:2)
  A worm (D:2)
  2 dart slugs
  An orc (D:3)
  3 ball pythons
  4 endoplasms
  4 giant cockroaches
  3 goblins
  5 hobgoblins
  2 quokkas (D:1)
  5 bats
  A frilled lizard (D:2)
  4 kobolds
  6 rats
45 creatures vanquished.

Vanquished Creatures (others)
  3 plants (D:1)
3 creatures vanquished.

Grand Total: 48 creatures vanquished

Notes
Turn   | Place    | Note
-------+----------+-------------------------------------------
     0 | D:1      | bnorton916 the Gargoyle Earth Elementalist began the quest
                  | for the Orb.
     0 | D:1      | Reached XP level 1. HP: 10/10 MP: 3/3
     6 | D:1      | Noticed a water moccasin
     6 | D:1      | Noticed a swamp worm
     6 | D:1      | Noticed a snapping turtle
     7 | D:1      | Noticed a five-headed hydra
     7 | D:1      | Noticed a hound
   528 | D:1      | Reached skill level 1 in Transmutations
   740 | D:1      | Reached XP level 2. HP: 15/15 MP: 3/5
  1233 | D:1      | Reached skill level 4 in Earth Magic
  1627 | D:1      | Found a faded altar of an unknown god.
  1785 | D:2      | Reached XP level 3. HP: 19/19 MP: 4/6
  2364 | D:2      | Reached XP level 4. HP: 24/24 MP: 4/8
  3118 | D:3      | Noticed Sigmund
  3130 | D:3      | Killed Sigmund
  3131 | D:3      | Reached skill level 5 in Earth Magic
  3131 | D:3      | Reached XP level 5. HP: 26/28 MP: 3/10
  3131 | D:3      | Reached XP level 6. HP: 29/32 MP: 3/11
  3403 | D:3      | Learned a level 2 spell: Passwall
  3407 | D:3      | Learned a level 3 spell: Stone Arrow
  3462 | D:3      | Noticed Ijyb
  3507 | D:3      | Slain by Ijyb

Illustrated notes

Levels and vault maps discovered:
D:1:      onia_arrival_zoo_common, layout_basic, chequers_ecumenical_altar_lobes
D:2:      layout_rooms
D:3:      layout_basic, mainiacjoe_overflow_small_starburst, uniq_sigmund,
          uniq_ijyb, uniq_grinder

Skill      XL: |  1  2  3  4 |
---------------+-------------+-----
Transmutations | 1 2 |  2.7
Earth Magic    | 4 5 |  5.3
Spellcasting   | 3 |  3.6
Dodging        | |  1.5
Stealth        | |  2.1
Conjurations   | |  0.1

Action                   |  1- 3 |  4- 6 || total
-------------------------+-------+-------++-------
Melee: Unarmed           |     1 |     2 ||     3
Throw: Dart              |    15 |     8 ||    23
 Cast: Sandblast         |    39 |    28 ||    67
       Stone Arrow       |       |     2 ||     2
  Use: Scroll            |       |     3 ||     3
       Potion            |       |     3 ||     3
Armor: Robe              |     1 |     8 ||     9
Dodge: Dodged            |    16 |    26 ||    42
